 Dungeon Crawl Stone Soup version bcrawl-1.40.2 (webtiles) character file.

Game seed: 12686217970243493240

288950 Queen the Digger (level 9, -7/61 (62) HPs)
             Began as a Red Draconian Earth Elementalist on Nov 19, 2023.
             Was an Elder of Zin.
             Mangled by a troll (11 damage)
             ... on level 7 of the Dungeon.
             The game lasted 00:16:52 (6506 turns).

Queen the Digger (Red Draconian Earth Elementalist) Turns: 6506, Time: 00:16:52

HP:   -7/61 (62)    AC: 10    Str: 12    XL:     9   Next: 50%
MP:   14/18         EV: 15    Int: 15    God:    Zin [****..]
Gold: 47            SH:  0    Dex: 14    Spells: 14/20 levels left

rFire    + + .     GDR:     26% f - +3 dagger
rCold    . . .     SeeInvis .   (no shield)
rNeg     . . .     Gourm    .   (armour unavailable)
rPois    .         Faith    +   (helmet restricted)
rElec    .         Spirit   .   w - scarf {clouds}
rCorr    .         Reflect  .   (no gloves)
MR       .....                  G - +2 pair of boots
Stlth    ++........             j - amulet of faith
HPRegen  0.20/turn              z - ring of protection from fire
MPRegen  0.16/turn              (no ring)

@: starving
A: breathe fire, unfitting armour, fire resistance 1, cold-blooded, AC +7
a: Breathe Fire, Recite, Vitalisation, Manna, Imprison, Donate Gold, Renounce
Religion, Evoke Fog


You were on level 7 of the Dungeon.
You worshipped Zin.
Zin was greatly pleased with you.
You were starving.

You visited 2 branches of the dungeon, and saw 8 of its levels.

You collected 426 gold pieces.
You spent 337 gold pieces at shops.
You donated 42 gold pieces to Zin.

Inventory:

Hand Weapons
 f - a +3 dagger (weapon)
 i - the +2 mace of Queen's Death {venom, +Rage Str+4, unknown}
   (You found it on level 7 of the Dungeon)

   It poisons the flesh of those it strikes.
   It affects your strength (+4).
   It lets you go berserk.
 l - a +2 falchion of holy wrath
 C - the +8 flail of Freehold {freeze, *Slow rN+ Int+2 Stlth+, unknown}
   (You found it on level 5 of the Dungeon)

   It has been specially enchanted to freeze those struck by it, increasing
   damage dealt by approximately one third against foes not resistant or
   susceptible to cold, and potentially slowing cold-blooded foes.
   It affects your intelligence (+2).
   It protects you from negative energy.
   It may slow you when you take damage.
   It makes you more stealthy.
Missiles
 b - 458 stones (quivered)
Armour
 w - a scarf of clouds (worn)
 G - a +2 pair of boots (worn)
Jewellery
 j - an amulet of faith (around neck)
 z - a ring of protection from fire (left hand)
Wands
 r - a wand of polymorph (13)
 A - a wand of flame (23)
 B - a wand of clouds (6)
 I - a wand of digging (4)
Scrolls
 a - 2 scrolls of fog
 d - 2 scrolls of remove curse {@r2}
 k - 3 scrolls of teleportation {@r3}
 m - a scroll of fear
 n - 3 scrolls of amnesia
 p - 2 scrolls of enchant weapon {unknown}
 s - 3 scrolls of blinking
 v - 2 scrolls of immolation {unknown}
Potions
 c - 3 potions of might
 g - 5 potions of curing {@q1}
 h - 2 potions of flight
 o - a potion of agility {unknown}
 q - 2 potions of berserk rage {unknown}
 t - 2 potions of degeneration {unknown}
 u - a potion of heal wounds {@q2}
 x - 2 potions of magic {unknown}
 y - 2 potions of haste
 D - a potion of brilliance {unknown}
 H - a potion of ambrosia {unknown}
Comestibles
 e - 10 rations {!d}


   Skills:
 + Level 6.2 Dodging
 - Level 2.0 Stealth
 - Level 2.9 Unarmed Combat
 + Level 6.3 Spellcasting
 - Level 1.0 Transmutations
 + Level 7.2 Earth Magic
 + Level 6.6 Invocations


You had 14 spell levels left.
You knew the following spells:

 Your Spells              Type           Power        Failure   Level  Hunger
a - Stone Arrow           Conj/Erth      ###...       10%         3    #......
b - Passwall              Tmut/Erth      ###.....     4%          2    None
q - Sandblast             Erth           ####..       1%          1    None

Your spell library contained the following spells:

 Spells                   Type           Power        Failure   Level  Hunger
 Lee's Rapid Deconstruct  Erth           ####......   21%         5    #####..
 Petrify                  Tmut/Erth      ###.......   26%         4    ####...


Dungeon Overview and Level Annotations

Branches:
Dungeon (7/12)             Temple (1/1) D:4
   Lair: D:7-9

Altars:
Ashenzari
Cheibriados
Elyvilon
Fedhas
Gozag
Hepliaklqana
Kikubaaqudgha
Lugonu
Makhleb
Nemelex Xobeh
Okawaru
Qazlal
Ru
Trog
Uskayaw
Vehumet
Wu Jian
Xom
Yredelemnul
Zin
The Shining One

Shops:
D:4 *   D:6 !


Innate Abilities, Weirdness & Mutations

You can breathe blasts of fire.
Your fiery red scales are hard. (AC +7)
You cannot fit into any form of body armour.
Your flesh is heat resistant. (rF+)
You are cold-blooded and may be slowed by cold attacks.


Message History

You barely miss the orc wizard.
The orc wizard is heavily wounded.
The orc wizard gestures at you while chanting.
You resist. The puff of flame hits you.
* * * LOW HITPOINT WARNING * * *
You closely miss the orc wizard.
The orc wizard is heavily wounded.
The orc wizard points at you and mumbles some strange words.
The magic dart hits you.
* * * LOW HITPOINT WARNING * * *
The orc wizard closely misses you.
You hit the orc wizard.
Your tail-slap misses the orc wizard.
The orc wizard is severely wounded.
The orc wizard hits you but does no damage.
You hit the orc wizard. You tail-slap the orc wizard.
You kill the orc wizard!
You barely miss the orc. You closely miss the troll. You barely miss the troll.
The troll closely misses you. The troll claws you!
You die...

#......##.T)...
#......#####..# #
#......# #.. #.
###.##.######.# #.
#.##...#....# #..
#.####.#.#### #.#
##.# #...#
#..#####..## ##).#
#.<@To....# ##..###
#####o###.###.)...##
#)# #..##.###).# #.#
##.To.o..... #.
#)######.#..#...
#..##.#......#.####.
#......####.(.# .
#####.###.....# #
#.........#


You could see a troll and 2 orcs.

Vanquished Creatures
  A harpy skeleton (D:7)
  2 hippogriffs (D:6)
  A yak (D:5)
  Edmund (D:6)
  2 sky beasts
  An orc warrior (D:7)
  A necrophage (D:6)
  3 ogres
  2 bullfrogs
  3 centaurs (D:6)
  2 scorpions
  3 orc priests
  3 howler monkeys
  2 crimson imps (D:6)
  A jelly (D:5)
  2 bullfrog skeletons
  An iguana (D:3)
  8 orc wizards
  Natasha (thrice) (D:4)
  6 worker ants
  3 gnolls (D:6)
  9 adders
  A shadow imp (D:6)
  2 oozes
  An adder skeleton (D:4)
  A worm (D:2)
  A dart slug (D:1)
  8 leopard geckos
  17 orcs
  4 giant cockroaches
  11 goblins
  15 hobgoblins
  4 jackals (D:2)
  5 quokkas
  2 ball pythons
  8 bats
  3 frilled lizards
  A jackal skeleton (D:5)
  12 kobolds
  2 quokka zombies
  11 rats
169 creatures vanquished.

Vanquished Creatures (others)
  A plant (D:4)
1 creature vanquished.

Grand Total: 170 creatures vanquished

Notes
Turn   | Place    | Note
-------+----------+-------------------------------------------
     0 | D:1      | Queen the Draconian Earth Elementalist began the quest for
                  | the Orb.
     0 | D:1      | Reached XP level 1. HP: 14/14 MP: 3/3
   173 | D:1      | Reached XP level 2. HP: 19/20 MP: 5/5
   377 | D:1      | Reached XP level 3. HP: 22/26 MP: 0/6
  1101 | D:2      | Learned a level 3 spell: Stone Arrow
  1104 | D:2      | Learned a level 2 spell: Passwall
  1217 | D:2      | Reached XP level 4. HP: 29/33 MP: 5/7
  1561 | D:2      | Found a corrupted altar of Lugonu.
  1562 | D:2      | Found a glowing silver altar of Zin.
  1562 | D:2      | Found a bloodstained altar of Trog.
  1563 | D:2      | Found a white marble altar of Elyvilon.
  1569 | D:2      | Found an ancient bone altar of Kikubaaqudgha.
  1571 | D:2      | Found a sacrificial altar of Ru.
  1572 | D:2      | Found a stormy altar of Qazlal.
  1575 | D:2      | Became a worshipper of Zin the Law-Giver
  1575 | D:2      | Reached * piety under Zin
  1829 | D:2      | Reached ** piety under Zin
  1944 | D:3      | Reached XP level 5. HP: 21/38 MP: 0/9
  2020 | D:3      | Found a stormy altar of Qazlal.
  2060 | D:3      | Reached skill level 4 in Earth Magic
  2060 | D:3      | Reached skill level 1 in Invocations
  2663 | D:4      | Reached XP level 6. HP: 42/45 MP: 10/10
  2681 | D:4      | Noticed Natasha
  2686 | D:4      | Killed Natasha
  2847 | D:4      | Found Riakipic's General Store.
  2879 | D:4      | Reached *** piety under Zin
  2914 | D:4      | Bought a scroll of blinking for 105 gold pieces
  2914 | D:4      | Bought a potion of heal wounds for 70 gold pieces
  2936 | D:4      | Noticed Natasha
  2943 | D:4      | Killed Natasha
  2948 | D:4      | Noticed Natasha
  2949 | D:4      | Killed Natasha
  3046 | D:4      | Found a staircase to the Ecumenical Temple.
  3151 | Temple   | Entered the Ecumenical Temple
  3380 | D:4      | Your scales start taking on a fiery red colour.
  3380 | D:4      | Reached XP level 7. HP: 6/50 MP: 2/12
  3380 | D:4      | Gained mutation: Your flesh is heat resistant. (rF+) [Red
                  | Draconian growth]
  3734 | D:4      | Found a sparkling altar of Nemelex Xobeh.
  3832 | D:5      | Entered Level 5 of the Dungeon
  3860 | D:4      | Reached skill level 5 in Earth Magic
  4150 | D:5      | Noticed a yak
  4186 | D:5      | Killed a yak
  4352 | D:5      | Reached XP level 8. HP: 57/57 MP: 7/14
  4409 | D:5      | Got a bloodstained flail
  4659 | D:5      | Reached **** piety under Zin
  5167 | D:6      | Noticed Edmund
  5175 | D:6      | Killed Edmund
  5176 | D:6      | Reached skill level 5 in Spellcasting
  5448 | D:6      | Reached skill level 5 in Dodging
  5448 | D:6      | Reached skill level 6 in Earth Magic
  5448 | D:6      | Reached skill level 5 in Invocations
  5499 | D:6      | Found a bloodstained altar of Trog.
  5558 | D:6      | Found Okhlomet's Distillery.
  5685 | D:6      | Noticed a hippogriff
  5692 | D:6      | Killed a hippogriff
  5791 | D:6      | Reached XP level 9. HP: 41/61 MP: 17/17
  6127 | D:6      | Bought a potion of haste for 130 gold pieces
  6127 | D:6      | Bought a potion of curing for 32 gold pieces
  6338 | D:7      | Got an ebony mace
  6448 | D:7      | Reached skill level 7 in Earth Magic
  6460 | D:7      | Noticed a troll
  6501 | D:7      | HP: 3/61 [orc wizard/magic dart (6)]
  6506 | D:7      | Mangled by a troll

Skill      XL: |  1  2  3  4  5  6  7  8  9 |
---------------+----------------------------+-----
Dodging        | 2 3 4 5 6 |  6.2
Unarmed Combat | 2 |  2.9
Spellcasting   | 3 4 5 6 |  6.3
Earth Magic    | 4 5 6 7 |  7.2
Invocations    | 1 3 4 5 6 |  6.6
Stealth        | |  2.0
Transmutations | |  1.0

Action                   |  1- 3 |  4- 6 |  7- 9 || total
-------------------------+-------+-------+-------++-------
Melee: Unarmed           |    13 |       |       ||    13
       Dagger            |    84 |   123 |   232 ||   439
       Tailslap          |    11 |    13 |    35 ||    59
       Punch             |       |     1 |     2 ||     3
 Cast: Sandblast         |    16 |    42 |    13 ||    71
       Stone Arrow       |       |    21 |    35 ||    56
 Abil: Breathe Fire      |       |       |    19 ||    19
  Use: Scroll            |       |     3 |     5 ||     8
 Stab: Sleeping          |     7 |     2 |     5 ||    14
  Eat: Chunk             |     4 |    13 |    16 ||    33
       Ration            |       |       |     2 ||     2
Armor: Skin              |    27 |    37 |    93 ||   157
Dodge: Dodged            |    58 |    94 |   213 ||   365
